TOP OF THE 1ST |
Oakland Athletics batting - Pitching for Arizona Diamondbacks : LHP Murphy Quirk
|
Pitching: LHP Murphy Quirk
|
|
Batting: RHB Philip Jansen
|
0-0: Called Strike 0-1: Foul Ball, location: 2F 0-2: Ball 1-2: SOLO HOME RUN (Flyball, 78XD, EV 98.8 MPH), Distance : 395 ft
|
Batting: RHB Sébastien Piat
|
0-0: Called Strike 0-1: Ball 1-1: Ball 2-1: Foul Ball, location: 2F 2-2: Fly out, F1 (Line Drive, P, EV 71.9 MPH)
|
Batting: LHB Nate Dean
|
0-0: Ball 1-0: Ball 2-0: Called Strike 2-1: SINGLE (Line Drive, 78M, EV 110.0 MPH)
|
Batting: LHB Sakae Kasahara
|
0-0: Called Strike 0-1: Ball 1-1: Swinging Strike 1-2: Strikes out looking
|
Batting: RHB Ryan Kinkead
|
0-0: Ball 1-0: DOUBLE (Groundball, 5L, EV 102.5 MPH) Nate Dean to third Runner from 3rd tries for Home, SAFE, no throw by LF
|
Batting: SHB Ryan Langlois
|
0-0: Swinging Strike 0-1: Fly out, F9 (Flyball, 9LS, EV 95.6 MPH)
|
Top of the 1st over - 2 runs, 3 hits, 0 errors, 1 left on base; Oakland 2 - Arizona 0 |
BOTTOM OF THE 1ST |
Arizona Diamondbacks batting - Pitching for Oakland Athletics : RHP Taek-gyun Kym
|
Pitching: RHP Taek-gyun Kym
|
|
Batting: RHB Katilimomi Kelekolio
|
0-0: Ball 1-0: Ball 2-0: Foul Ball, location: 2F 2-1: Ball 3-1: Fly out, F7 (Flyball, 78D, EV 100.6 MPH)
|
Batting: LHB Roy Steigerwald
|
0-0: Called Strike 0-1: Ball 1-1: Ball 2-1: Called Strike 2-2: Foul Ball, location: 2F 2-2: Foul Ball, location: 2F 2-2: Strikes out swinging
|
Batting: RHB David Price Jr.
|
0-0: Ball 1-0: Called Strike 1-1: Called Strike 1-2: SINGLE (Line Drive, 89S, EV 95.6 MPH)
|
Batting: SHB Alec Thorpe
|
0-0: Ball 1-0: Ball 2-0: Ball 3-0: Base on Balls David Price Jr. to second
|
Batting: LHB Eric Klasek
|
0-0: Ball 1-0: Called Strike 1-1: Ground out U3 (Groundball, 3, EV 96.9 MPH)
|
Bottom of the 1st over - 0 runs, 1 hit, 0 errors, 2 left on base; Oakland 2 - Arizona 0 |
TOP OF THE 2ND |
Oakland Athletics batting - Pitching for Arizona Diamondbacks : LHP Murphy Quirk
|
Batting: RHB Jorge Bernal
|
0-0: Foul Ball, location: 2F 0-1: Bunt for hit to 25 - play at first, batter OUT! 5-3
|
Batting: RHB Robby Godwin
|
0-0: Ball 1-0: Ground out 5-3 (Groundball, 56, EV 106.2 MPH)
|
Batting: RHB Garry Hash
|
0-0: Called Strike 0-1: Ball 1-1: Called Strike 1-2: Ball 2-2: Strikes out looking
|
Top of the 2nd over - 0 runs, 0 hits, 0 errors, 0 left on base; Oakland 2 - Arizona 0 |
BOTTOM OF THE 2ND |
Arizona Diamondbacks batting - Pitching for Oakland Athletics : RHP Taek-gyun Kym
|
Batting: SHB Perry Tuckfard
|
0-0: Ball 1-0: Foul Ball, location: 2F 1-1: Foul Ball, location: 2F 1-2: Strikes out swinging
|
Batting: SHB Aldo Questi
|
0-0: Ball 1-0: Ball 2-0: Called Strike 2-1: Foul Ball, location: 2F 2-2: Foul Ball, location: 2F 2-2: Foul Ball, location: 2F 2-2: Ball 3-2: Ground out 6-3 (Groundball, 6S, EV 91.2 MPH)
|
Batting: RHB Shiro Suehiro
|
0-0: Foul Ball, location: 2F 0-1: Ball 1-1: Called Strike 1-2: Ball 2-2: SINGLE (Groundball, 6S, EV 66.2 MPH) (infield hit)
|
Batting: SHB Andrew Wray II
|
0-0: Ball 1-0: Called Strike 1-1: Ball 2-1: Swinging Strike 2-2: Ball Shiro Suehiro steals 2nd base 3-2: Ground out 4-3 (Groundball, 4, EV 83.1 MPH)
|
Bottom of the 2nd over - 0 runs, 1 hit, 0 errors, 1 left on base; Oakland 2 - Arizona 0 |
TOP OF THE 3RD |
Oakland Athletics batting - Pitching for Arizona Diamondbacks : LHP Murphy Quirk
|
Batting: RHB Philip Jansen
|
0-0: Called Strike 0-1: Swinging Strike 0-2: Foul Ball, location: 2F 0-2: Ball 1-2: Strikes out swinging
|
Batting: RHB Sébastien Piat
|
0-0: Foul Ball, location: 2F 0-1: Ground out 6-3 (Groundball, 6, EV 88.1 MPH)
|
Batting: LHB Nate Dean
|
0-0: Called Strike 0-1: Swinging Strike 0-2: SINGLE (Groundball, 34D, EV 100.0 MPH)
|
Batting: LHB Sakae Kasahara
|
0-0: Ball Nate Dean is caught stealing 2nd base 2-6
|
Top of the 3rd over - 0 runs, 1 hit, 0 errors, 0 left on base; Oakland 2 - Arizona 0 |
BOTTOM OF THE 3RD |
Arizona Diamondbacks batting - Pitching for Oakland Athletics : RHP Taek-gyun Kym
|
Batting: RHB Katilimomi Kelekolio
|
0-0: Foul Ball, location: 2F 0-1: Foul Ball, location: 2F 0-2: Foul Ball, location: 2F 0-2: Foul Ball, location: 2F 0-2: Ball 1-2: Ground out U3 (Groundball, 3, EV 102.5 MPH)
|
Batting: LHB Roy Steigerwald
|
0-0: Called Strike 0-1: Fly out, F5 (Popup, 25F, EV 88.8 MPH)
|
Batting: RHB David Price Jr.
|
0-0: Called Strike 0-1: Ball 1-1: Ball 2-1: SINGLE (Groundball, 6MD, EV 95.6 MPH)
|
Batting: SHB Alec Thorpe
|
0-0: Called Strike 0-1: 2-RUN HOME RUN (Flyball, 9D, EV 96.2 MPH), Distance : 367 ft
|
Batting: LHB Eric Klasek
|
0-0: Ball 1-0: Foul Ball, location: 2F 1-1: Foul Ball, location: 2F 1-2: Foul Ball, location: 2F 1-2: Ball 2-2: Ball 3-2: DOUBLE (Line Drive, 9LM, EV 91.2 MPH)
|
Batting: SHB Perry Tuckfard
|
0-0: Ball 1-0: Ball 2-0: Foul Ball, location: 2F 2-1: Ball 3-1: Called Strike 3-2: DOUBLE (Line Drive, 7LD, EV 106.2 MPH) Eric Klasek scores
|
Batting: SHB Aldo Questi
|
0-0: Swinging Strike 0-1: Ball 1-1: Ball 2-1: Swinging Strike 2-2: Ball 3-2: Base on Balls
|
Batting: RHB Shiro Suehiro
|
0-0: Ball 1-0: Fielders Choice at 2nd, 6-4 (Groundball, 56, EV 77.5 MPH)
|
Bottom of the 3rd over - 3 runs, 4 hits, 0 errors, 2 left on base; Oakland 2 - Arizona 3 |
TOP OF THE 4TH |
Oakland Athletics batting - Pitching for Arizona Diamondbacks : LHP Murphy Quirk
|
Batting: LHB Sakae Kasahara
|
0-0: Ball 1-0: Ground out 4-3 (Groundball, 4, EV 85.6 MPH)
|
Batting: RHB Ryan Kinkead
|
0-0: Called Strike 0-1: Ground out 3-1 (Groundball, 34, EV 89.4 MPH)
|
Batting: SHB Ryan Langlois
|
0-0: Foul Ball, location: 2F 0-1: Foul Ball, location: 2F 0-2: Ball 1-2: Fly out, F7 (Flyball, 7LS, EV 96.9 MPH)
|
Top of the 4th over - 0 runs, 0 hits, 0 errors, 0 left on base; Oakland 2 - Arizona 3 |
BOTTOM OF THE 4TH |
Arizona Diamondbacks batting - Pitching for Oakland Athletics : RHP Taek-gyun Kym
|
Batting: SHB Andrew Wray II
|
0-0: Called Strike 0-1: Swinging Strike 0-2: Ball 1-2: Fly out, F7 (Flyball, 7LM, EV 80.6 MPH)
|
Batting: RHB Katilimomi Kelekolio
|
0-0: Called Strike 0-1: Called Strike 0-2: Ball 1-2: Fly out, F8 (Flyball, 89D, EV 105.0 MPH)
|
Batting: LHB Roy Steigerwald
|
0-0: Fly out, F8 (Flyball, 8LXD, EV 96.9 MPH)
|
Bottom of the 4th over - 0 runs, 0 hits, 0 errors, 0 left on base; Oakland 2 - Arizona 3 |
TOP OF THE 5TH |
Oakland Athletics batting - Pitching for Arizona Diamondbacks : LHP Murphy Quirk
|
Batting: RHB Jorge Bernal
|
0-0: Ball 1-0: Foul Ball, location: 2F 1-1: Foul Ball, location: 2F 1-2: Strikes out swinging
|
Batting: RHB Robby Godwin
|
0-0: Ball 1-0: Called Strike 1-1: Swinging Strike 1-2: Fly out, F9 (Flyball, 89M, EV 95.0 MPH)
|
Batting: RHB Garry Hash
|
0-0: Called Strike 0-1: Ball 1-1: Ball 2-1: Called Strike 2-2: Strikes out swinging
|
Top of the 5th over - 0 runs, 0 hits, 0 errors, 0 left on base; Oakland 2 - Arizona 3 |
BOTTOM OF THE 5TH |
Arizona Diamondbacks batting - Pitching for Oakland Athletics : RHP Taek-gyun Kym
|
Batting: RHB David Price Jr.
|
0-0: Ball 1-0: Foul Ball, location: 2F 1-1: Ball 2-1: SINGLE (Flyball, 8RS, EV 91.9 MPH)
|
Batting: SHB Alec Thorpe
|
0-0: Ball 1-0: Called Strike 1-1: Swinging Strike 1-2: Foul Ball, location: 2F 1-2: SINGLE (Flyball, 7LS, EV 89.4 MPH) David Price Jr. to second
|
Batting: LHB Eric Klasek
|
0-0: DOUBLE (Flyball, 78XD, EV 103.1 MPH) David Price Jr. scores Alec Thorpe to third
|
Batting: SHB Perry Tuckfard
|
0-0: Called Strike 0-1: Ball 1-1: Fly out, F5 (Popup, 56S, EV 73.8 MPH)
|
Batting: SHB Aldo Questi
|
0-0: Ball 1-0: Called Strike 1-1: Foul Ball, location: 2F 1-2: Ball 2-2: Ground out 6-3 (Groundball, 6M, EV 88.8 MPH) Alec Thorpe scores Eric Klasek to third
|
Pitching: RHP Mike Staley
|
|
Batting: RHB Shiro Suehiro
|
0-0: Ball 1-0: SINGLE (Line Drive, 89M, EV 105.6 MPH) Eric Klasek scores
|
Batting: SHB Andrew Wray II
|
0-0: Called Strike 0-1: Ground out 4-3 (Groundball, 4S, EV 80.0 MPH)
|
Bottom of the 5th over - 3 runs, 4 hits, 0 errors, 1 left on base; Oakland 2 - Arizona 6 |
TOP OF THE 6TH |
Oakland Athletics batting - Pitching for Arizona Diamondbacks : LHP Murphy Quirk
|
Batting: RHB Philip Jansen
|
0-0: Ground out 1-3 (Groundball, 15S, EV 67.5 MPH)
|
Batting: RHB Sébastien Piat
|
0-0: Ball 1-0: Ball 2-0: Called Strike 2-1: Called Strike 2-2: SINGLE (Groundball, 5S, EV 72.5 MPH) (infield hit)
|
Batting: LHB Nate Dean
|
0-0: Ball 1-0: Called Strike 1-1: Called Strike 1-2: Grounds into double play, U6-3 (Groundball, P, EV 83.1 MPH)
|
Top of the 6th over - 0 runs, 1 hit, 0 errors, 0 left on base; Oakland 2 - Arizona 6 |
BOTTOM OF THE 6TH |
Arizona Diamondbacks batting - Pitching for Oakland Athletics : RHP Mike Staley
|
Batting: RHB Katilimomi Kelekolio
|
0-0: Ball 1-0: Ground out 6-3 (Groundball, 6, EV 91.2 MPH)
|
Batting: LHB Roy Steigerwald
|
0-0: Ball 1-0: SOLO HOME RUN (Flyball, 89XD, EV 105.6 MPH), Distance : 381 ft
|
Batting: RHB David Price Jr.
|
0-0: Ball 1-0: Called Strike 1-1: Swinging Strike 1-2: Ball 2-2: SINGLE (Line Drive, 56D, EV 94.4 MPH)
|
Batting: SHB Alec Thorpe
|
0-0: Swinging Strike 0-1: Ball 1-1: Fly out, F7 (Line Drive, 7, EV 96.2 MPH)
|
Batting: LHB Eric Klasek
|
Pickoff Throw to First - Out! 1-3
|
Bottom of the 6th over - 1 run, 2 hits, 0 errors, 0 left on base; Oakland 2 - Arizona 7 |
TOP OF THE 7TH |
Oakland Athletics batting - Pitching for Arizona Diamondbacks : LHP Murphy Quirk
|
Batting: LHB Sakae Kasahara
|
0-0: Ball 1-0: Fly out, F8 (Line Drive, 8RD, EV 101.2 MPH)
|
Batting: RHB Ryan Kinkead
|
0-0: Called Strike 0-1: Ball 1-1: Called Strike 1-2: Foul Ball, location: 2F 1-2: Foul Ball, location: 2F 1-2: Foul Ball, location: 2F 1-2: SINGLE (Groundball, 34D, EV 108.8 MPH)
|
Batting: SHB Ryan Langlois
|
0-0: Ball 1-0: Called Strike 1-1: Ball 2-1: Fly out, F3 (Popup, 34S, EV 88.8 MPH)
|
Batting: RHB Jorge Bernal
|
0-0: SINGLE (Groundball, 56D, EV 98.8 MPH) Ryan Kinkead to second
|
Batting: RHB Robby Godwin
|
0-0: Called Strike 0-1: Hit by Pitch Ryan Kinkead to third Jorge Bernal to second
|
Batting: RHB Garry Hash
|
0-0: Foul Ball, location: 2F 0-1: Ball 1-1: Ball 2-1: Ball 3-1: Foul Ball, location: 2F 3-2: TRIPLE (Line Drive, 89XD, EV 112.5 MPH) Ryan Kinkead scores Jorge Bernal scores Robby Godwin scores
|
Pitching: RHP Willie Nieto
|
|
Batting: RHB Philip Jansen
|
0-0: Called Strike 0-1: Swinging Strike 0-2: Strikes out swinging
|
Top of the 7th over - 3 runs, 3 hits, 0 errors, 1 left on base; Oakland 5 - Arizona 7 |
BOTTOM OF THE 7TH |
Arizona Diamondbacks batting - Pitching for Oakland Athletics : RHP Mike Staley
|
Batting: LHB Eric Klasek
|
0-0: Swinging Strike 0-1: Ball 1-1: Swinging Strike 1-2: Ball 2-2: Ball 3-2: Foul Ball, location: 2F 3-2: Base on Balls
|
Batting: SHB Perry Tuckfard
|
0-0: Called Strike 0-1: Ball 1-1: Ball 2-1: Ball Eric Klasek steals 2nd base 3-1: 2-RUN HOME RUN (Flyball, 9D, EV 100.0 MPH), Distance : 381 ft
|
Pitching: RHP Luis Restrepo
|
|
Batting: SHB Aldo Questi
|
0-0: Ball 1-0: Foul Ball, location: 2F 1-1: Ball 2-1: Called Strike 2-2: SINGLE (Line Drive, 56, EV 95.0 MPH)
|
Batting: RHB Shiro Suehiro
|
0-0: Called Strike 0-1: Foul Ball, location: 2F 0-2: Fly out, F9 (Flyball, 89M, EV 68.1 MPH)
|
Batting: SHB Andrew Wray II
|
0-0: TRIPLE (Flyball, 78XD, EV 104.4 MPH) Aldo Questi scores
|
Batting: RHB Katilimomi Kelekolio
|
0-0: Ball 1-0: Ground out U3 (Groundball, 34, EV 88.8 MPH) Andrew Wray II scores
|
Batting: LHB Roy Steigerwald
|
0-0: Called Strike 0-1: Ball 1-1: Foul Ball, location: 2F 1-2: Strikes out swinging
|
Bottom of the 7th over - 4 runs, 3 hits, 0 errors, 0 left on base; Oakland 5 - Arizona 11 |
TOP OF THE 8TH |
Oakland Athletics batting - Pitching for Arizona Diamondbacks : RHP Willie Nieto
|
Batting: RHB Sébastien Piat
|
0-0: Ball 1-0: Ball 2-0: Foul Ball, location: 2F 2-1: Ball 3-1: Base on Balls
|
Pitching: RHP Sean Hartgrove
|
|
Batting: LHB Nate Dean
|
0-0: Foul Ball, location: 2F 0-1: Ball 1-1: Swinging Strike 1-2: Grounds into double play, 6-4-3 (Groundball, 6, EV 81.9 MPH)
|
Batting: LHB Sakae Kasahara
|
0-0: Called Strike 0-1: Ball 1-1: Called Strike 1-2: Ball 2-2: Ball 3-2: Base on Balls
|
Batting: RHB Ryan Kinkead
|
0-0: Ball 1-0: Called Strike 1-1: Foul Ball, location: 2F 1-2: Ground out U3 (Groundball, 34S, EV 91.2 MPH)
|
Top of the 8th over - 0 runs, 0 hits, 0 errors, 1 left on base; Oakland 5 - Arizona 11 |
BOTTOM OF THE 8TH |
Arizona Diamondbacks batting - Pitching for Oakland Athletics : RHP Luis Restrepo
|
Batting: RHB David Price Jr.
|
0-0: Ball 1-0: Ball 2-0: Called Strike 2-1: Hit by Pitch
|
Batting: SHB Alec Thorpe
|
0-0: Called Strike 0-1: Fly out, F7 (Flyball, 7S, EV 92.5 MPH)
|
Batting: LHB Eric Klasek
|
0-0: Ball 1-0: Swinging Strike 1-1: Ball David Price Jr. steals 2nd base (no throw) 2-1: Ball 3-1: Called Strike 3-2: Strikes out swinging
|
Batting: SHB Perry Tuckfard
|
0-0: Ball 1-0: Called Strike 1-1: Ball 2-1: SINGLE (Line Drive, 56, EV 96.2 MPH) David Price Jr. to third Runner from 3rd tries for Home, SAFE, throw by LF to home
|
Batting: SHB Aldo Questi
|
0-0: Ball 1-0: Ball 2-0: Ball 3-0: Base on Balls Perry Tuckfard to second
|
Batting: RHB Shiro Suehiro
|
0-0: Called Strike 0-1: Ball 1-1: Ball 2-1: Foul Ball, location: 2F 2-2: Fielders Choice at 2nd, 6-4 (Groundball, 56, EV 78.1 MPH)
|
Bottom of the 8th over - 1 run, 1 hit, 0 errors, 2 left on base; Oakland 5 - Arizona 12 |
TOP OF THE 9TH |
Oakland Athletics batting - Pitching for Arizona Diamondbacks : RHP Sean Hartgrove
|
Pinch Hitting: RHB Trevor Conklin
|
0-0: Swinging Strike 0-1: Called Strike 0-2: SINGLE (Groundball, 6D, EV 105.6 MPH)
|
Batting: RHB Jorge Bernal
|
0-0: Ball 1-0: Called Strike 1-1: Called Strike 1-2: Foul Ball, location: 2F 1-2: Foul Ball, location: 2F 1-2: Strikes out swinging
|
Batting: RHB Robby Godwin
|
0-0: Called Strike 0-1: Ball 1-1: Ball 2-1: Swinging Strike 2-2: Ball 3-2: Base on Balls Trevor Conklin to second
|
Pitching: RHP Larry Mathieu
|
|
Batting: RHB Garry Hash
|
0-0: Ball 1-0: Ball 2-0: Ball 3-0: Base on Balls Trevor Conklin to third Robby Godwin to second
|
Pinch Hitting: SHB Rich Muniz
|
0-0: Ball 1-0: Grounds into double play, 5-4-3 (Groundball, 56S, EV 91.2 MPH)
|
Top of the 9th over - 0 runs, 1 hit, 0 errors, 2 left on base; Oakland 5 - Arizona 12 |
|